 Dungeon Crawl Stone Soup version 0.27-a0-1502-g47ed6a6988 (webtiles) character file.

Game seed: 14971918337374072682

22650 ziltoidlt the Summoner (level 13, -6/75 HPs)
             Began as an Octopode Summoner on July 8, 2021.
             Was an Elder of Hepliaklqana.
             Mangled by an eight-headed hydra (11 damage)
             ... on level 5 of the Lair of Beasts on July 10, 2021.
             The game lasted 03:10:57 (20863 turns).

ziltoidlt the Summoner (Octopode Summoner)         Turns: 20863, Time: 03:10:58

Health: -6/75      AC:  4    Str:  8    XL:     13   Next: 1%
Magic:  16/23      EV: 17    Int: 21    God:    Hepliaklqana [****..]
Gold:   987        SH:  0    Dex: 19    Spells: 0/26 levels left

rFire    + . .     SeeInvis +   b - staff of fire
rCold    + . .     Faith    .   (no shield)
rNeg     . . .     Spirit   .   R - +1 hat {Will+}
rPois    .         Reflect  .   r - amulet of magic regeneration
rElec    .         Harm     .   h - ring of see invisible
rCorr    .         Rampage  .   J - +6 ring of dexterity
Will     +....     Rnd*Rage +   D - ring of ice
Stlth    ++++......             S - ring of protection from fire
HPRegen  0.22/turn              (no ring)
MPRegen  0.43/turn              (no ring)
                                (no ring)
                                (no ring)

@: lethally poisoned (-6 -> -9), studying Unarmed Combat
A: reduced essence, almost no armour, amphibious, 8 rings, camouflage 1,
gelatinous body 1, (nimble swimmer 1), tentacles, iridescent scales 1, berserk
1, mutation resistance 1
a: Renounce Religion, Recall Ancestor, Ancestor Identity, Transference, Idealise


You were on level 5 of the Lair of Beasts.
You worshipped Hepliaklqana.
Hepliaklqana was greatly pleased with you.
You visited 3 branches of the dungeon, and saw 17 of its levels.
You also visited: Sewer and Gauntlet.

You collected 987 gold pieces.

Inventory:

Hand Weapons
 a - a +5 vorpal trident
 n - the +5 great mace "Danara Amuot" {vorpal, rF+ Str+3}
   (You found it on level 9 of the Dungeon)

   It inflicts extra damage upon your enemies.
   Str:       It affects your strength (+3).
   rF:        It protects you from fire.
 U - a +0 hunting sling
Missiles
 e - 49 sling bullets
 j - 482 stones
 p - 20 curare-tipped darts
 t - 67 poisoned darts
 I - 3 boomerangs of dispersal
Armour
 Q - the +0 hat of Pathos {Regen+ Dex-2 SInv Stlth-}
   (You found it in a Gauntlet)

   Dex:       It affects your dexterity (-2).
   SInv:      It lets you see invisible.
   Regen:     It increases your rate of health regeneration.
   Stlth:     It makes you less stealthy.
 R - a +1 hat of willpower (worn)
Magical Staves
 b - a staff of fire (weapon)
 z - a staff of poison
Jewellery
 h - a ring of see invisible (left tentacle)
 r - an amulet of magic regeneration (around mantle)
 u - an amulet of reflection
 D - a ring of ice (on tentacle)
 J - a +6 ring of dexterity (right tentacle)
 S - a ring of protection from fire (on tentacle)
Wands
 v - a wand of iceblast (12)
 y - a wand of paralysis (18)
 H - a wand of polymorph (19)
 K - a wand of acid (9)
 M - a wand of flame (47)
 O - a wand of mindburst (13)
Scrolls
 d - 8 scrolls of teleportation
 k - 4 scrolls of noise
 o - a scroll of fear
 A - a scroll of fog
 B - a scroll of summoning
 C - a scroll of enchant armour
 F - 2 scrolls of immolation
 L - 2 scrolls of enchant weapon
 N - a scroll of magic mapping
 P - a scroll of brand weapon
 V - a scroll of torment
 Y - a scroll of identify
Potions
 c - 11 potions of curing
 f - 2 potions of magic
 g - a potion of resistance
 i - 6 potions of brilliance
 l - 2 potions of lignification
 m - 3 potions of attraction
 q - 2 potions of heal wounds
 s - 3 potions of flight
 x - 2 potions of might
 E - 2 potions of cancellation
 G - a potion of ambrosia
 X - a potion of haste
Miscellaneous
 w - a box of beasts
 T - a phantom mirror
 W - a piece from Xom's chessboard (15/15)


   Skills:
 - Level 6.3 Fighting
 - Level 6.0 Polearms
 - Level 6.7 Dodging
 - Level 6.0 Stealth
 - Level 7.0 Spellcasting
 + Level 5.4 Conjurations
 + Level 4.3 Hexes
 - Level 9.0 Summonings
 - Level 3.0 Fire Magic
 - Level 7.0 Ice Magic
 - Level 7.0 Air Magic
 - Level 8.0 Invocations


You couldn't memorise any spells.
You knew the following spells:

 Your Spells              Type           Power      Damage    Failure   Level
a - Fulminant Prism       Conj/Hex       13%        3d9       12%         4
b - Summon Guardian Gole  Hex/Summ       35%        N/A       1%          3
c - Summon Lightning Spi  Summ/Air       40%        N/A       3%          4
d - Summon Ice Beast      Ice/Summ       57%        N/A       3%          4
e - Conjure Flame         Conj/Fire      37%        6-21      4%          3
f - Foxfire               Conj/Fire      100%       2x1d9     1%          1
g - Frozen Ramparts       Ice            100%       1d12      1%          3
h - Summon Small Mammal   Summ           100%       N/A       1%          1
i - Call Canine Familiar  Summ           45%        N/A       1%          3

Your spell library contained the following spells:

 Spells                   Type           Power      Damage    Failure   Level
 Freeze                   Ice            100%       1d11      1%          1
 Magic Dart               Conj           100%       1d8       1%          1
 Call Imp                 Summ           45%        N/A       1%          2
 Searing Ray              Conj           60%        3d5       1%          2
 Mephitic Cloud           Conj/Pois/Air  24%        N/A       4%          3
 Inner Flame              Hex/Fire       34%        N/A       6%          3
 Hailstorm                Conj/Ice       50%        3d11      7%          4
 Ignite Poison            Fire/Tmut/Pois 17%        N/A       17%         3
 Ice Form                 Ice/Tmut       33%        N/A       21%         4
 Gell's Gravitas          Tloc           3%         N/A       26%         3
 Teleport Other           Tloc           7%         N/A       26%         3
 Bolt of Magma            Conj/Fire/Erth 14%        4d8       61%         5
 Dispersal                Tloc           3%         N/A       100%        6


Dungeon Overview and Level Annotations

Branches:
Dungeon (10/15)            Temple (1/1) D:4            Lair (6/6) D:9
 Shoals (0/4) Lair:2        Slime (0/5) Lair:5          Orc (0/2) D:10
  Sewer (visited)         Gauntlet (visited)
  Snake: Lair:2-4    Spider: Lair:2-4

Altars:
Ashenzari
Cheibriados
Dithmenos
Elyvilon
Fedhas
Gozag
Hepliaklqana
Kikubaaqudgha
Makhleb
Nemelex Xobeh
Okawaru
Qazlal
Ru
Sif Muna
Uskayaw
Vehumet
Wu Jian
Xom
Yredelemnul
Zin
The Shining One
Beogh
Jiyva

Shops:
D:9 :

Annotations:
D:2 exclusion: adder
D:5 2 transporters, Grinder
D:7 exclusion: deep elf pyromancer
D:8 3 runed translucent doors, exclusion: 2 downstairs, p0werm0de's ghost, novice DsFi
D:9 Harold
Lair:2 exclusions: 3 jumping spiders and 6 more exclusions
Lair:4 exclusions: catoblepas, 2 oklob plants and 1 more exclusion
Lair:5 exclusion: oklob plant


Innate Abilities, Weirdness & Mutations

Your life essence is reduced to manifest your ancestor. (-10% HP)
You cannot wear most types of armour.
You are amphibious.
You can wear up to eight rings at the same time.
Your skin changes colour to match your surroundings (Stealth+).
Your rubbery body absorbs attacks. (AC +1, EV +1)
((You are camouflaged near water. (Stealth+)))
You have tentacles for arms and can constrict up to eight enemies at once.
You are partially covered in iridescent scales. (AC +2)
You tend to lose your temper in combat.
You are somewhat resistant to further mutation.


Message History

The black mamba poisons you! The black mamba closely misses you.
You feel yourself speed up.
You feel extremely sick.
The seven-headed hydra barely misses Thoko.
The seven-headed hydra bites Thoko.
The seven-headed hydra bites Thoko but does no damage.
Thoko blocks the seven-headed hydra's attack. x2
The seven-headed hydra bites Thoko.
The seven-headed hydra barely misses Thoko.
The black mamba completely misses you.
Thoko hits the seven-headed hydra with a +0 flail!
The seven-headed hydra closely misses Thoko.
The seven-headed hydra bites Thoko.
Thoko blocks the seven-headed hydra's attack.
The seven-headed hydra bites Thoko. x2
Thoko is destroyed!
Your magical contamination has completely faded away.
There is a stone staircase leading up here.
You feel very sick.
You climb upwards.
Level annotation: exclusion: oklob plant You feel very sick.
There is a stone staircase leading down here.
Okay, then.
You feel sick.
You see here a cane toad skeleton.
You feel sick.
You feel sick.
You feel sick. The eight-headed hydra bites you.
* * * LOW HITPOINT WARNING * * *
The eight-headed hydra barely misses you.
The eight-headed hydra bites you but does no damage.
The eight-headed hydra bites you.
* * * LOW HITPOINT WARNING * * *
The eight-headed hydra bites you.
* * * LOW HITPOINT WARNING * * *
The eight-headed hydra misses you.
The eight-headed hydra barely misses you.
The eight-headed hydra bites you!
You die...

####..#.###............
#....# ###....^.....
##...# ######.....
#####..## #......
#.##...># ######.....
##.#..รท.# ##.##P#...#P
##.....# #.....P..P..
##.D#.# #...........
#.@#####...##.....#
#>..# #....####..##
#..## ##...# #..#
##...## #...####..##
#P..#.###....(.....#
##...............).#.
#....#...............
##..................#
##..................


You could see an eight-headed hydra.

Vanquished Creatures
  A boulder beetle (Lair:4)
  An elephant (Lair:3)
  A black mamba (Lair:5)
  A cane toad (Lair:6)
  A komodo dragon (Lair:1)
  A slime creature (Gauntlet)
  A blink frog (Lair:4)
  A centaur simulacrum (Gauntlet)
  A wraith (D:10)
  A wyvern (Lair:5)
  A neqoxec (Gauntlet)
  3 yaks
  A water moccasin (Lair:4)
  An orc warrior (D:10)
  An ice beast (D:8)
  An ogre (D:5)
  A wolf (Lair:1)
  2 centaurs
  A phantom (D:5)
  5 kobold brigands (Sewer)
  5 bullfrogs
  A wyvern zombie (D:6)
  A gnoll sergeant (D:8)
  3 electric eels
  A howler monkey (D:3)
  A jelly (Gauntlet)
  Crazy Yiuf (D:5)
  An orc wizard (D:10)
  A howler monkey skeleton (D:6)
  A gnoll (D:4)
  9 adders
  2 river rats (D:3)
  A white imp (D:4)
  4 dart slugs
  A worm (D:4)
  18 orcs
  7 endoplasms
  3 giant cockroaches
  5 goblins
  4 jackals
  4 kobolds
  4 quokkas
  7 ball pythons
  9 bats
  5 frilled lizards
  5 rats
  3 butterflies (Lair:4)
134 creatures vanquished.

Vanquished Creatures (collateral kills)
  A minotaur (Gauntlet)
  3 boulder beetles
  4 hydras
  A two-headed ogre (D:10)
  A wretched star (Gauntlet)
  4 black mambas
  4 elephants (Lair:3)
  10 cane toads
  A rime drake (Lair:4)
  7 komodo dragons
  A troll (D:9)
  2 polar bears
  A slime creature (Gauntlet)
  5 blink frogs
  7 dream sheep (Lair:5)
  2 centaur simulacra (Gauntlet)
  2 wyverns
  13 yaks
  A basilisk (Lair:6)
  A steam dragon (D:9)
  2 vampire mosquitoes (Lair:6)
  9 water moccasins
  A meliai simulacrum (Gauntlet)
  6 orc warriors
  3 black bears
  2 ice beasts (D:6)
  2 ogres (D:6)
  12 wolves
  4 centaurs
  A phantom (D:4)
  A kobold brigand (Sewer)
  9 bullfrogs
  A scorpion (D:6)
  A water moccasin skeleton (D:6)
  A hornet simulacrum (Gauntlet)
  10 wights
  An electric eel (D:9)
  A nameless horror (Lair:1)
  2 small abominations (Gauntlet)
  A howler monkey (D:8)
  2 centaur zombies
  7 hounds
  A centaur skeleton (D:5)
  4 jellies
  7 orc priests
  2 iguanas
  8 orc wizards
  A howler monkey zombie (D:3)
  13 gnolls
  4 adders
  A white imp (D:6)
  2 worms
  3 dart slugs
  41 orcs
  3 bats (D:3)
  6 endoplasms
  3 goblins
  5 hobgoblins
  3 jackals (D:2)
  11 kobolds
  A quokka (D:2)
  4 ball pythons
  20 foxfires
293 creatures vanquished.

Vanquished Creatures (others)
  8 knights
  2 ancestors
  2 demonic plants (Gauntlet)
  197 foxfires
  3 fulminant prisms (Lair:6)
  38 fungi
  95 plants
345 creatures vanquished.

Grand Total: 772 creatures vanquished

Notes
Turn   | Place    | Note
-------+----------+-------------------------------------------
     0 | D:1      | ziltoidlt the Octopode Summoner began the quest for the
                  | Orb.
     0 | D:1      | Reached XP level 1. HP: 11/11 MP: 3/3
   390 | D:1      | Reached XP level 2. HP: 16/17 MP: 5/5
   403 | D:1      | Found a faded altar of an unknown god.
   910 | D:1      | Reached XP level 3. HP: 20/21 MP: 6/6
   914 | D:1      | Learned a level 3 spell: Call Canine Familiar
  1976 | D:2      | Reached XP level 4. HP: 22/27 MP: 3/7
  2782 | D:2      | Learned a level 4 spell: Summon Lightning Spire
  3019 | D:3      | Reached XP level 5. HP: 17/31 MP: 2/9
  3263 | D:3      | Reached skill level 5 in Stealth
  3263 | D:3      | Reached skill level 5 in Summonings
  3319 | D:3      | Reached skill level 1 in Air Magic
  3379 | D:3      | Found a glowing drain.
  3388 | Sewer    | Entered a sewer
  3459 | Sewer    | Noticed a kobold brigand
  3459 | Sewer    | Noticed a kobold brigand
  3485 | Sewer    | Killed a kobold brigand
  3486 | Sewer    | Reached XP level 6. HP: 21/36 MP: 1/10
  4161 | Sewer    | Reached XP level 7. HP: 32/41 MP: 6/11
  4182 | Sewer    | Reached skill level 6 in Summonings
  4360 | D:3      | Found a hide-covered altar of Uskayaw.
  4650 | D:3      | Found a sparkling altar of Nemelex Xobeh.
  5014 | D:3      | Found a glowing silver altar of Zin.
  5014 | D:3      | Noticed an angel
  5962 | D:4      | Found a staircase to the Ecumenical Temple.
  6074 | Temple   | Entered the Ecumenical Temple
  6092 | Temple   | Became a worshipper of Hepliaklqana the Forgotten
  6576 | D:5      | Entered Level 5 of the Dungeon
  6587 | D:5      | Reached skill level 5 in Air Magic
  7202 | D:5      | Reached XP level 8. HP: 46/46 MP: 12/12
  7263 | D:5      | Noticed Grinder
  7312 | D:5      | Found a transporter.
  7318 | D:5      | Found a transporter.
  7337 | D:5      | Identified the +0 scale mail "Macvyverph" {rElec Will+
                  | Regen+}
  7337 | D:5      | Identified the +4 buckler "Hukoew" {rF- Int+4}
  7444 | D:5      | Found a runed translucent door.
  7453 | D:5      | Noticed Crazy Yiuf
  7516 | D:5      | Killed Crazy Yiuf
  7730 | D:6      | Reached * piety under Hepliaklqana
  7862 | D:6      | Found a stormy altar of Qazlal.
  7905 | D:6      | Reached skill level 7 in Summonings
  8049 | D:6      | Reached skill level 1 in Fighting
  8049 | D:6      | Reached skill level 1 in Polearms
  9314 | D:7      | Noticed a deep elf pyromancer
  9450 | D:7      | Reached XP level 9. HP: 48/48 MP: 12/14
  9587 | D:7      | Found a glowing golden altar of the Shining One.
  9587 | D:7      | Found a blossoming altar of Fedhas.
  9658 | D:8      | Found a basalt altar of Yredelemnul.
  9664 | D:8      | Reached ** piety under Hepliaklqana
  9674 | D:8      | Remembered your ancestor Thoko as a knight
  9701 | D:8      | Found a runed translucent gate.
  9701 | D:8      | Found a runed translucent gate.
  9704 | D:8      | Found a runed translucent gate.
 10733 | D:8      | Noticed p0werm0de's ghost (novice DsFi)
 11074 | D:9      | Noticed Harold
 11247 | D:9      | Found Okirheess's Self-Improvement Boutique.
 11482 | D:9      | Identified the +5 great mace "Danara Amuot" {vorpal, rF+
                  | Str+3}
 11548 | D:9      | Noticed a troll
 11828 | D:9      | Killed a troll
 11851 | D:9      | Reached skill level 8 in Summonings
 12008 | D:9      | Found a staircase to the Lair.
 12301 | D:9      | Found a shimmering altar of Xom.
 12800 | D:10     | Entered Level 10 of the Dungeon
 12800 | D:10     | Noticed a two-headed ogre
 12854 | D:10     | Reached XP level 10. HP: 56/56 MP: 12/16
 13005 | D:10     | Reached *** piety under Hepliaklqana
 13144 | D:10     | Reached skill level 1 in Invocations
 13150 | D:10     | Reached skill level 5 in Dodging
 13187 | D:10     | Learned a level 1 spell: Foxfire
 13191 | D:10     | Learned a level 3 spell: Conjure Flame
 13246 | D:10     | Killed a two-headed ogre
 13247 | D:10     | Reached skill level 1 in Conjurations
 13247 | D:10     | Reached skill level 1 in Fire Magic
 13272 | D:10     | Found a staircase to the Orcish Mines.
 13604 | Lair:1   | Entered Level 1 of the Lair of Beasts
 13727 | Lair:1   | Reached skill level 5 in Polearms
 13753 | Lair:1   | Gained mutation: You have a pair of small antennae on your
                  | head. [potion of mutation]
 13753 | Lair:1   | Gained mutation: Your magical capacity is low. (-10% MP)
                  | [potion of mutation]
 13771 | Lair:1   | Learned a level 4 spell: Summon Ice Beast
 13797 | Lair:1   | Noticed a cane toad
 13802 | Lair:1   | Reached skill level 5 in Spellcasting
 13802 | Lair:1   | Reached skill level 1 in Ice Magic
 13805 | Lair:1   | Killed a cane toad
 13959 | Lair:1   | Noticed a black mamba
 13965 | Lair:1   | Killed a black mamba
 13966 | Lair:1   | Reached skill level 5 in Ice Magic
 14124 | Lair:1   | Lost mutation: Your magical capacity is low. (-10% MP)
                  | [potion of mutation]
 14124 | Lair:1   | Lost mutation: You have a pair of small antennae on your
                  | head. [potion of mutation]
 14124 | Lair:1   | Gained mutation: Your muscles are strong. (Str +2) [potion
                  | of mutation]
 14124 | Lair:1   | Gained mutation: You tend to lose your temper in combat.
                  | [potion of mutation]
 14124 | Lair:1   | Gained mutation: You occasionally shout uncontrollably at
                  | your foes. [potion of mutation]
 14150 | Lair:1   | Reached XP level 11. HP: 63/63 MP: 12/18
 14662 | Lair:2   | Found a staircase to the Shoals.
 14662 | Lair:2   | Noticed a five-headed hydra
 14669 | Lair:2   | Killed a five-headed hydra
 14936 | Lair:2   | Noticed a boulder beetle
 14963 | Lair:2   | Killed a boulder beetle
 15016 | Lair:2   | Noticed a boulder beetle
 15030 | Lair:2   | Killed a boulder beetle
 15031 | Lair:2   | Reached skill level 9 in Summonings
 15824 | Lair:3   | Reached **** piety under Hepliaklqana
 15960 | Lair:3   | Found a gate leading to a gauntlet.
 15971 | Gauntlet | Entered a Gauntlet
 15971 | Gauntlet | Found a transporter.
 15971 | Gauntlet | Found a transporter.
 15981 | Gauntlet | Noticed a catoblepas
 16024 | Gauntlet | Found a transporter.
 16024 | Gauntlet | Found a transporter.
 16030 | Gauntlet | Noticed a death scarab
 16035 | Gauntlet | Found a transporter.
 16038 | Gauntlet | Noticed a moth of wrath
 16042 | Gauntlet | Found a transporter.
 16052 | Gauntlet | Found a transporter.
 16052 | Gauntlet | Found a transporter.
 16052 | Gauntlet | Noticed a sixfirhy
 16054 | Gauntlet | Noticed a sixfirhy
 16059 | Gauntlet | Found a transporter.
 16066 | Gauntlet | Noticed a sixfirhy
 16090 | Gauntlet | Found a transporter.
 16095 | Gauntlet | Noticed a wretched star
 16097 | Gauntlet | Found a transporter.
 16115 | Gauntlet | Found a transporter.
 16160 | Gauntlet | Found a transporter.
 16182 | Gauntlet | Found a transporter.
 16278 | Gauntlet | Found a transporter.
 16286 | Gauntlet | Noticed a death scarab
 16294 | Gauntlet | Found a transporter.
 16705 | Gauntlet | Learned a level 3 spell: Frozen Ramparts
 16766 | Gauntlet | Reached skill level 5 in Invocations
 16924 | Gauntlet | Identified the +0 hat of Pathos {Regen+ Dex-2 SInv Stlth-}
 16989 | Gauntlet | Killed a wretched star
 17059 | Gauntlet | Lost mutation: You occasionally shout uncontrollably at
                  | your foes. [potion of mutation]
 17059 | Gauntlet | Lost mutation: Your muscles are strong. (Str +2) [potion of
                  | mutation]
 17059 | Gauntlet | Gained mutation: You are partially covered in iridescent
                  | scales. (AC +2) [potion of mutation]
 17059 | Gauntlet | Gained mutation: You are somewhat resistant to further
                  | mutation. [potion of mutation]
 17123 | Gauntlet | Noticed a minotaur
 17129 | Gauntlet | Killed a minotaur
 17130 | Gauntlet | Reached XP level 12. HP: 52/52 MP: 19/22
 17911 | Lair:3   | Noticed a four-headed hydra
 17919 | Lair:3   | Killed a four-headed hydra
 18494 | Lair:4   | Noticed a catoblepas
 18533 | Lair:4   | Noticed an eight-headed hydra
 18568 | Lair:4   | Reached skill level 5 in Fighting
 18568 | Lair:4   | Killed an eight-headed hydra
 18830 | Lair:4   | Noticed a boulder beetle
 18874 | Lair:4   | Killed a boulder beetle
 18948 | Lair:4   | Paralysed by a floating eye for 2 turns
 19223 | Lair:4   | Learned a level 4 spell: Fulminant Prism
 19249 | Lair:5   | Reached skill level 1 in Hexes
 19291 | Lair:5   | Noticed a boulder beetle
 19317 | Lair:5   | Killed a boulder beetle
 19645 | Lair:5   | Found a staircase to the Slime Pits.
 19645 | Lair:5   | Found a viscous altar of Jiyva.
 20453 | Lair:6   | Entered Level 6 of the Lair of Beasts
 20453 | Lair:6   | Noticed an eight-headed hydra
 20499 | Lair:6   | Killed an eight-headed hydra
 20735 | Lair:6   | Reached skill level 5 in Conjurations
 20800 | Lair:6   | Reached XP level 13. HP: 75/75 MP: 13/23
 20805 | Lair:6   | Learned a level 3 spell: Summon Guardian Golem
 20863 | Lair:5   | Mangled by an eight-headed hydra

Illustrated notes

Levels and vault maps discovered:
D:1:      heliophobic_arrival_glass_houses, layout_basic,
          hellmonk_ecumenical_altar_zigzags, st_stairs_4
D:2:      kennysheep_six_static_rooms, layout_rooms
D:3:      layout_loops_corners, mainiacjoe_overflow_alcove_2, zin_angel,
          nemelex_spade_bored_becter, lightli_sewer_entry_pipes,
          chequers_serial_rivers_marsh, corexii_shack
D:4:      layout_basic, minmay_temple_entry_overgrown
D:5:      layout_rooms, gammafunk_ghost_gnarly_gnolls, uniq_grinder,
          uniq_crazy_yiuf_cottage
D:6:      layout_basic, grunt_qazlal_sundering
D:7:      layout_cave_pods, mainiacjoe_overflow_divided_tiny
D:8:      nicolae_whirlpool, layout_loops_corners,
          nicolae_overflow_hidden_temple, gammafunk_ghost_nasty_kobolds
D:9:      layout_layer_cave, mainiacjoe_overflow_alcove_4, erik_lair_island,
          nicolae_shop_self_help, uniq_harold
D:10:     layout_roguey [special_room_orc], orc_0_dummy
Temple:   nicolae_temple_god_jail
Lair:1:   layout_small_grid, grunt_megastairs_5
Lair:2:   layout_misc_corridors, minmay_shoals_entry_centaurs,
          spider_nest_entry_a, guppyfry_lair_drakes
Lair:3:   layout_small_grid, gauntlet_entry_generic, grunt_megastairs_3,
          serial_bayou_shore_a
Lair:4:   layout_roguey, serial_bayou_pond_d, disabler_island,
          lemuel_fruit_fields
Lair:5:   dpeg_oklob_gauntlet, layout_loops_ring, slime_altar_1
Lair:6:   minmay_lair_end_frog_pond, layout_gridlike, serial_bayou_shore_b

Skill      XL: |  1  2  3  4  5  6  7  8  9 10 11 12 |
---------------+-------------------------------------+-----
Stealth        | 3 4 5 6 |  6.0
Summonings     | 5 6 7 8 9 |  9.0
Air Magic      | 1 3 5 6 7 |  7.0
Spellcasting   | 3 4 5 7 |  7.0
Fighting       | 2 4 6 |  6.3
Polearms       | 2 4 5 6 |  6.0
Dodging        | 3 4 5 6 |  6.7
Invocations    | 2 6 8 |  8.0
Conjurations   | 1 3 5 |  5.4
Fire Magic     | 1 3 |  3.0
Ice Magic      | 6 7 |  7.0
Hexes          | 4 |  4.3

Action                   |  1- 3 |  4- 6 |  7- 9 | 10-12 | 13-15 || total
-------------------------+-------+-------+-------+-------+-------++-------
Melee: Dagger            |    39 |    49 |    59 |       |       ||   147
       Tentacles         |     7 |     9 |     6 |     9 |       ||    31
       Unarmed           |     3 |       |       |       |       ||     3
       Constrict         |    12 |    14 |    10 |     2 |       ||    38
       Spear             |       |    42 |    31 |       |       ||    73
       Trident           |       |       |    20 |   101 |       ||   121
       Staff             |       |       |       |     1 |       ||     1
 Fire: Hunting sling     |    45 |    62 |   131 |     6 |       ||   244
Throw: Dart              |       |       |     7 |       |       ||     7
       Stone             |       |       |       |     3 |       ||     3
 Cast: Summon Small Mamm |    15 |    21 |    23 |       |       ||    59
       Call Canine Famil |     5 |    12 |    51 |     4 |       ||    72
       Summon Lightning  |       |       |    28 |    27 |     1 ||    56
       Summon Ice Beast  |       |       |       |   101 |       ||   101
       Foxfire           |       |       |       |   120 |       ||   120
       Frozen Ramparts   |       |       |       |     2 |       ||     2
       Fulminant Prism   |       |       |       |       |     3 ||     3
Invok: Ancestor Identity |       |       |     1 |       |       ||     1
       Recall Ancestor   |       |       |     2 |     3 |       ||     5
       Ancestor Life: Kn |       |       |     1 |       |       ||     1
       Transference      |       |       |       |     2 |     1 ||     3
       Idealise          |       |       |       |     1 |       ||     1
Evoke: Wand              |       |       |       |     6 |       ||     6
  Use: Scroll            |       |     5 |    18 |     7 |       ||    30
       Potion            |       |     1 |       |     4 |       ||     5
 Stab: Sleeping          |     2 |     4 |     2 |       |       ||     8
       Distracted        |       |       |     4 |     5 |       ||     9
Armor: Skin              |     7 |     3 |     5 |     2 |     1 ||    18
Dodge: Dodged            |    28 |    30 |    66 |    28 |     8 ||   160

Table legend: (Time is in decaauts)
 A = Elapsed time spent in this place.
 B = Non-inter-level travel time spent in this place.
 C = Inter-level travel time spent in this place.
 D = Time resting spent in this place.
 E = Time spent auto-exploring this place.
 F = Levels seen in this place.
 G = Mean time per level.
                   A        B        C        D        E       F      G
               +--------+--------+--------+--------+--------+-----+--------+
         Total |  20838 |  19628 |   1210 |   5267 |   9814 |  19 | 1096.7 |
       Dungeon |  12617 |  11600 |   1017 |   3368 |   5712 |  10 | 1261.7 |
        Temple |     74 |     61 |     13 |      0 |     56 |   1 |   74.0 |
          Lair |   6070 |   5890 |    180 |   1439 |   3261 |   6 | 1011.7 |
         Sewer |    887 |    887 |      0 |    229 |    429 |   1 |  887.0 |
      Gauntlet |   1187 |   1187 |      0 |    231 |    356 |   1 | 1187.0 |
               +--------+--------+--------+--------+--------+-----+--------+

Top non-repeatable levels by time:
     D:9: 1689 daAuts
     D:4: 1580 daAuts
     D:2: 1535 daAuts
     D:8: 1517 daAuts
     D:3: 1490 daAuts
  Lair:3: 1459 daAuts
  Lair:5: 1259 daAuts
     D:1: 1253 daAuts
Gauntlet: 1187 daAuts
  Lair:2: 1137 daAuts
     D:7: 1047 daAuts
     D:6: 966 daAuts
  Lair:4: 921 daAuts
  Lair:1: 912 daAuts
   Sewer: 887 daAuts
